 Dungeon Crawl Stone Soup version 0.29.1-1-gd02db6906a (console) character file.

Game seed: 6873235002768672010

2429 erker the Sneak (level 9, -7/62 (66) HPs)
             Began as a Gnoll Enchanter on Oct 14, 2022.
             Was an Initiate of Cheibriados.
             Mangled by a wight
             ... wielding a +0 scimitar
              (9 damage)
             ... on level 7 of the Dungeon.
             The game lasted 00:20:45 (6588 turns).

erker the Sneak (Gnoll Enchanter)                   Turns: 6588, Time: 00:20:46

HP:   -7/62 (66)    AC:  5    Str:  8    XL:     9   Next: 48%
MP:   3/19          EV: 15    Int: 19    God:    Cheibriados [......]
Gold: 335           SH:  0    Dex: 15    Spells: 16/21 levels left

rFire   x . .      SeeInvis .   b - +1 rapier (venom)
rCold   + . .      Faith    .   (no shield)
rNeg    . . .      Spirit   .   w - +2 robe {Will+}
rPois   .          Reflect  .   (no helmet)
rElec   .          Harm     .   (no cloak)
rCorr   .          Rampage  .   (no gloves)
Will    +....                   C - +0 pair of boots
Stlth   ++++......              x - amulet of regeneration
HPRegen 1.00/turn               J - ring of ice
MPRegen 0.16/turn               (no ring)

@: confusing by touch, drained, very slow
A: fangs 1, strong nose, distributed training
a: Renounce Religion


You were on level 7 of the Dungeon.
You worshipped Cheibriados.
Cheibriados was noncommittal.
You visited 2 branches of the dungeon, and saw 8 of its levels.

You collected 335 gold pieces.

Inventory:

Hand Weapons
 a - a +0 dagger of holy wrath
 b - a +1 rapier of venom (weapon)
Missiles
 q - 13 poisoned darts (quivered)
Armour
 g - a +0 ring mail
 o - a +0 robe
 t - a +0 kite shield
 u - the +1 ring mail of the Demon Prince {-Tele rElec rPois Stlth+}
   (You found it on level 3 of the Dungeon)

   rElec:     It insulates you from electricity.
   rPois:     It protects you from poison.
   -Tele:     It prevents most forms of teleportation.
   Stlth:     It makes you more stealthy.
 w - a +2 robe of willpower (worn)
 C - a +0 pair of boots (worn)
Jewellery
 x - an amulet of regeneration (around neck)
 J - a ring of ice (left hand)
Wands
 n - a wand of roots (9)
 H - a wand of paralysis (6)
 L - a wand of flame (8)
Scrolls
 d - 5 scrolls of identify {unknown}
 e - a scroll of amnesia {unknown}
 f - 3 scrolls of teleportation {unknown}
 i - 2 scrolls of magic mapping {unknown}
 l - a scroll of fear {unknown}
 m - a scroll of immolation {unknown}
 y - 2 scrolls of vulnerability {unknown}
 z - a scroll of blinking {unknown}
 B - a scroll of brand weapon {unknown}
 D - a scroll of silence {unknown}
 E - a scroll of noise {unknown}
 G - a scroll of enchant armour {unknown}
 I - a scroll of torment {unknown}
 K - a scroll of fog {unknown}
Potions
 c - 4 potions of invisibility
 h - a potion of ambrosia {unknown}
 j - a potion of lignification {unknown}
 k - a potion of mutation {unknown}
 p - 2 potions of heal wounds {unknown}
 r - 3 potions of brilliance {unknown}
 s - 2 potions of curing
 v - a potion of might {unknown}
 A - a potion of haste {unknown}
 F - a potion of flight {unknown}


   Skills:
 + Level 4.4 Fighting
 + Level 5.2 Short Blades
 + Level 4.4 Long Blades
 + Level 4.4 Axes
 + Level 4.4 Maces & Flails
 + Level 4.4 Polearms
 + Level 4.4 Staves
 + Level 4.4 Ranged Weapons
 + Level 4.4 Throwing
 + Level 4.4 Armour
 + Level 6.4 Dodging
 + Level 7.5 Stealth
 + Level 4.4 Shields
 + Level 4.4 Unarmed Combat
 + Level 6.8 Spellcasting
 + Level 3.6 Conjurations
 + Level 6.6 Hexes
 + Level 3.6 Summonings
 + Level 3.6 Necromancy
 + Level 3.6 Translocations
 + Level 3.6 Transmutations
 + Level 3.6 Fire Magic
 + Level 3.6 Ice Magic
 + Level 3.6 Air Magic
 + Level 3.6 Earth Magic
 + Level 3.6 Poison Magic
 + Level 4.9 Invocations
 + Level 4.4 Evocations


You had 16 spell levels left.
You knew the following spells:

 Your Spells              Type           Power      Damage    Failure   Level
c - Confusing Touch       Hex            31%        N/A       1%          3
z - Ensorcelled Hibernat  Hex/Ice        78%        N/A       1%          2

Your spell library contained the following spells:

 Spells                   Type           Power      Damage    Failure   Level
 Tukima's Dance           Hex            31%        N/A       1%          3
 Freeze                   Ice            100%       1d11      2%          1
 Magic Dart               Conj           80%        1d7       2%          1
 Necrotise                Necr           80%        1d8       2%          1
 Searing Ray              Conj           40%        2d5       3%          2
 Static Discharge         Conj/Air       20%        3-6/arc   3%          2
 Dazzling Flash           Conj/Hex       52%        N/A       3%          3
 Gell's Gravitas          Tloc           20%        N/A       7%          3
 Ozocubu's Armour         Ice            30%        N/A       7%          3
 Teleport Other           Tloc           20%        N/A       7%          3
 Vampiric Draining        Necr           20%        2d7       7%          3
 Fulminant Prism          Conj/Hex       13%        3d9       12%         4
 Agony                    Necr           20%        N/A       54%         5
 Lightning Bolt           Conj/Air       10%        1d23      54%         5
 Dispersal                Tloc           10%        N/A       98%         6
 Ozocubu's Refrigeration  Ice            15%        4d10      100%        7
 Maxwell's Capacitive Co  Air            10%        ∞         100%        8


Dungeon Overview and Level Annotations

Branches:
Dungeon (7/15)             Temple (1/1) D:7

Altars:
Ashenzari
Cheibriados
Dithmenos
Elyvilon
Fedhas
Gozag
Hepliaklqana
Kikubaaqudgha
Makhleb
Nemelex Xobeh
Okawaru
Qazlal
Ru
Sif Muna
Trog
Uskayaw
Vehumet
Wu Jian
Xom
Yredelemnul
Zin
The Shining One

Shops:
D:6 *


Innate Abilities, Weirdness & Mutations

You have very sharp teeth.
Your uncanny sense of smell can sniff out nearby items.
Your experience applies equally to all skills.


Message History

Maggie is almost dead.
You kill Maggie!
Cheibriados appreciates the change of pace.
The wight hits you with a +4 long sword!
A wight comes into view. It is wielding a +0 scimitar.
Okay, then.
Unknown command.
Unknown command.
Unknown command.
Unknown command.
Unknown command.
Casting: Confusing Touch (safe; 1% risk of failure)
Confirm with . or Enter, or press ? or * to list all spells.
Your hands begin to glow red.
The wight closely misses you. The wight hits you with a +0 flail!
You hit the wight but do no damage.
The wight appears confused.
You bite the wight, but do no damage. The wight misses you.
The wight closely misses you.
Casting: Confusing Touch (safe; 1% risk of failure)
Confirm with . or Enter, or press ? or * to list all spells.
Your hands begin to glow red.
The wight barely misses you. The wight misses you.
You barely miss the wight. You hit the wight but do no damage.
The wight appears confused.
Your bite misses the wight.
The wight hits you with a +4 long sword!
* * * LOW HITPOINT WARNING * * *
You feel drained.
* * * LOW HITPOINT WARNING * * *
A wight comes into view. It is wielding a +4 hand axe.
The wight barely misses the wight.
Casting: Confusing Touch (safe; 1% risk of failure)
Confirm with . or Enter, or press ? or * to list all spells.
Your hands begin to glow red.
The wight hits you with a +4 long sword!
* * * LOW HITPOINT WARNING * * *
You feel drained.
* * * LOW HITPOINT WARNING * * *
The wight hits you with a +0 scimitar!
You die...

#...####.#+#.......
#...# #..........
#...# #........#
#...####........#
+...............#
#...#####.......#
#...# #.......# #
#...#
#.......##.#####
#####
#......z@zz.....
#......(z#######
###......# #......#
#........
#......... ##
#........ ..#
#...........#
#......##...#


You could see 4 wights.

Vanquished Creatures
  Maggie (D:7)
  An orc warrior (D:7)
  3 ice beasts
  2 black bears
  3 phantoms (D:4)
  4 bullfrogs
  A gnoll sergeant (D:5)
  2 scorpions
  3 orc priests
  2 jellies
  6 hounds
  4 iguanas
  9 orc wizards
  9 adders
  5 gnolls (D:5)
  2 shadow imps
  A white imp (D:5)
  3 ufetubi
  5 dart slugs
  31 orcs
  7 ball pythons
  2 bats (D:1)
  7 endoplasms
  A giant cockroach (D:4)
  9 hobgoblins
  3 jackals (D:3)
  9 quokkas
  A frilled lizard (D:2)
  6 goblins
  5 kobolds
  5 rats
  A bush (D:5)
153 creatures vanquished.

Vanquished Creatures (others)
  A bush (D:5)
  2 fungi (D:2)
  A plant (D:2)
4 creatures vanquished.

Grand Total: 157 creatures vanquished

Notes
Turn   | Place    | Note
-------+----------+-------------------------------------------
     0 | D:1      | erker the Gnoll Enchanter began the quest for the Orb.
     0 | D:1      | Reached XP level 1. HP: 13/13 MP: 6/6
   222 | D:1      | Reached XP level 2. HP: 18/19 MP: 7/7
   227 | D:1      | Learned a level 2 spell: Ensorcelled Hibernation
  1008 | D:2      | Found a faded altar of an unknown god.
  1025 | D:2      | Reached skill level 5 in Spellcasting
  1025 | D:2      | Reached XP level 3. HP: 24/25 MP: 7/9
  1075 | D:2      | Got Plato's Incunable of Snow
  1106 | D:2      | Reached skill level 6 in Stealth
  1106 | D:2      | Reached skill level 1 in Invocations
  1465 | D:3      | Learned a level 3 spell: Confusing Touch
  1524 | D:3      | Reached skill level 1 in Fighting
  1524 | D:3      | Reached skill level 1 in Long Blades
  1524 | D:3      | Reached skill level 1 in Axes
  1524 | D:3      | Reached skill level 1 in Maces & Flails
  1524 | D:3      | Reached skill level 1 in Polearms
  1524 | D:3      | Reached skill level 1 in Staves
  1524 | D:3      | Reached skill level 1 in Ranged Weapons
  1524 | D:3      | Reached skill level 1 in Throwing
  1524 | D:3      | Reached skill level 1 in Armour
  1524 | D:3      | Reached skill level 1 in Shields
  1524 | D:3      | Reached skill level 1 in Unarmed Combat
  1524 | D:3      | Reached skill level 1 in Evocations
  1746 | D:3      | Reached XP level 4. HP: 31/32 MP: 11/11
  1771 | D:3      | Identified the +1 ring mail of the Demon Prince {-Tele
                  | rElec rPois Stlth+}
  2072 | D:3      | Noticed a scorpion
  2080 | D:3      | Killed a scorpion
  2081 | D:3      | Reached skill level 1 in Conjurations
  2081 | D:3      | Reached skill level 1 in Summonings
  2081 | D:3      | Reached skill level 1 in Necromancy
  2081 | D:3      | Reached skill level 1 in Translocations
  2081 | D:3      | Reached skill level 1 in Transmutations
  2081 | D:3      | Reached skill level 1 in Fire Magic
  2081 | D:3      | Reached skill level 1 in Ice Magic
  2081 | D:3      | Reached skill level 1 in Air Magic
  2081 | D:3      | Reached skill level 1 in Earth Magic
  2081 | D:3      | Reached skill level 1 in Poison Magic
  2081 | D:3      | Reached XP level 5. HP: 37/37 MP: 12/12
  2776 | D:4      | Identified the +1 whip of Turmoil {drain, rElec rF- Dex+2}
  2830 | D:4      | Noticed a phantom
  2842 | D:4      | Killed a phantom
  2843 | D:4      | Reached skill level 5 in Dodging
  2843 | D:4      | Reached XP level 6. HP: 43/44 MP: 11/14
  3549 | D:5      | Entered Level 5 of the Dungeon
  3581 | D:4      | Reached XP level 7. HP: 51/51 MP: 2/15
  3979 | D:5      | Reached XP level 8. HP: 36/58 MP: 13/16
  5049 | D:6      | Reached skill level 7 in Stealth
  5197 | D:6      | Found Zoihi's Neck Hole.
  5555 | D:6      | Reached XP level 9. HP: 65/65 MP: 18/18
  5924 | D:7      | Reached skill level 5 in Short Blades
  6046 | D:7      | Found a staircase to the Ecumenical Temple.
  6055 | Temple   | Entered the Ecumenical Temple
  6327 | Temple   | Became a worshipper of Cheibriados the Contemplative
  6423 | D:7      | Found a shadowy altar of Dithmenos.
  6560 | D:7      | Noticed Maggie
  6582 | D:7      | Killed Maggie
  6588 | D:7      | HP: 2/62 [wight/+4 long sword (3)]
  6588 | D:7      | Mangled by a wight

Illustrated notes

Levels and vault maps discovered:
D:1:      spicycebolla_green_bress_n_ham, layout_basic
D:2:      layout_rooms, shapermc_ecumenical_altar_rom_forum,
          kennysheep_big_empty_room, minmay_misc_feat_rugged
D:3:      layout_basic, minmay_pentomino_pile
D:4:      layout_gridville
D:5:      layout_cave_pools, minmay_misc_feat_tiny, minmay_hedge_maze,
          minmay_misc_feat_chi, hangedman_decor_riveting
D:6:      layout_loops_ring, grunt_ministairs_6,
          nicolae_shop_sticking_my_neck_out
D:7:      layout_basic, grunt_dithmenos_shadows, minmay_temple_entry_mist,
          uniq_maggie
Temple:   mainiacjoe_temple_hex_bubbles

Skill      XL: |  1  2  3  4  5  6  7  8  9 |
---------------+----------------------------+-----
Spellcasting   | 5 6 |  6.8
Stealth        | 6 7 |  7.5
Invocations    | 1 2 3 4 |  4.9
Fighting       | 1 2 3 4 |  4.4
Long Blades    | 1 2 3 4 |  4.4
Axes           | 1 2 3 4 |  4.4
Maces & Flails | 1 2 3 4 |  4.4
Polearms       | 1 2 3 4 |  4.4
Staves         | 1 2 3 4 |  4.4
Ranged Weapons | 1 2 3 4 |  4.4
Throwing       | 1 2 3 4 |  4.4
Armour         | 1 2 3 4 |  4.4
Shields        | 1 2 3 4 |  4.4
Unarmed Combat | 1 2 3 4 |  4.4
Evocations     | 1 2 3 4 |  4.4
Conjurations   | 1 2 3 |  3.6
Summonings     | 1 2 3 |  3.6
Necromancy     | 1 2 3 |  3.6
Translocations | 1 2 3 |  3.6
Transmutations | 1 2 3 |  3.6
Fire Magic     | 1 2 3 |  3.6
Ice Magic      | 1 2 3 |  3.6
Air Magic      | 1 2 3 |  3.6
Earth Magic    | 1 2 3 |  3.6
Poison Magic   | 1 2 3 |  3.6
Short Blades   | 3 4 5 |  5.2
Dodging        | 5 6 |  6.4
Hexes          | 6 |  6.6

Action                   |  1- 3 |  4- 6 |  7- 9 || total
-------------------------+-------+-------+-------++-------
Melee: Dagger            |    70 |       |    26 ||    96
       Bite              |     6 |    18 |    47 ||    71
       Rapier            |    11 |   119 |   322 ||   452
       Punch             |       |     3 |    12 ||    15
Throw: Dart              |       |       |     3 ||     3
 Cast: Ensorcelled Hiber |    10 |     5 |    22 ||    37
       Confusing Touch   |       |     4 |     8 ||    12
 Stab: Sleeping          |    20 |    16 |    21 ||    57
       Distracted        |       |     1 |     1 ||     2
       Confused          |       |     2 |     4 ||     6
Armor: Robe              |    11 |    24 |    57 ||    92
Dodge: Dodged            |    44 |    65 |   206 ||   315
